 Dungeon Crawl Stone Soup version 0.30-a0-626-gd6a5dd7a1f (console) character file.

Game seed: 1323410193680212609

5552 Ignak the Trooper (level 10, -7/156 HPs)
             Began as an Ogre Warper on Jan 11, 2023.
             Was a Priest of Okawaru.
             Killed by divine providence
             ... invoked by an orc priest
              (13 damage)
             ... on level 9 of the Dungeon.
             The game lasted 00:32:00 (12040 turns).

Ignak the Trooper (Ogre Warper)                    Turns: 12040, Time: 00:32:01

Health: -7/156     AC: 25    Str: 27    XL:     10   Next: 71%
Magic:  11/19      EV:  1    Int: 14    God:    Okawaru [***...]
Gold:   211        SH:  9    Dex:  4    Spells: 8/22 levels left

rFire   . . .      SeeInvis +    a - +0 war axe (venom)
rCold   + . .      Faith    .    e - +0 kite shield "Tasiseumn" {rElec Str+6 Dex-4 SInv}
rNeg    . . .      Spirit   .    (body armour currently unavailable)
rPois   +          Reflect  .    (helmet currently unavailable)
rElec   +          Harm     .    (cloak currently unavailable)
rCorr   .          Rampage  .    (gloves unavailable)
Will    +....      NoTele   +    (boots unavailable)
Stlth   ++                       v - amulet of the acrobat
HPRegen 0.46/turn                i - ring of protection from cold
MPRegen 0.16/turn                s - ring of see invisible

@: tree-form, heroic
A: stationary, stasis, torment immunity, boosted hp, large, unfitting armour,
(tough skin 1), mutation resistance 1, MP-powered wands
a: Renounce Religion, Heroism


You were on level 9 of the Dungeon.
You worshipped Okawaru.
Okawaru was most pleased with you.
You were a tree.
You visited 2 branches of the dungeon, and saw 10 of its levels.
You also visited: Sewer.

You collected 419 gold pieces.
You spent 208 gold pieces at shops.

Inventory:

Hand Weapons
 a - a +0 war axe of venom (weapon)
 b - a +3 hand axe of freezing
 c - a +1 short sword of venom
 r - the +2 whip of Nafirecw {drain, *Corrode rF+ rN+ Dex+4}
   (You found it on level 3 of the Dungeon)

   Dex:       It affects your dexterity (+4).
   rF:        It protects you from fire.
   rN:        It protects you from negative energy.
   *Corrode:  It may corrode you when you take damage.
Missiles
 d - 7 boomerangs of dispersal (quivered)
 g - 16 poisoned darts
 w - 3 throwing nets
Armour
 e - the +0 kite shield "Tasiseumn" (worn) {rElec Str+6 Dex-4 SInv}
   (You acquired it on level 4 of the Dungeon)

   Str:       It affects your strength (+6).
   Dex:       It affects your dexterity (-4).
   rElec:     It insulates you from electricity.
   SInv:      It lets you see invisible.
 n - a +0 robe (melded)
 u - the +1 hat of Wonder (melded) {rElec rN+ Str+2 Slay+3}
   (You acquired it on level 6 of the Dungeon)

   Str:       It affects your strength (+2).
   Slay:      It affects your accuracy & damage with ranged weapons and melee
   (+3).
   rElec:     It insulates you from electricity.
   rN:        It protects you from negative energy.
Magical Staves
 o - a staff of poison
Jewellery
 i - a ring of protection from cold (left branch)
 s - a ring of see invisible (right branch)
 v - an amulet of the acrobat (around neck)
Wands
 z - a wand of flame (23)
Scrolls
 f - 3 scrolls of amnesia
 h - a scroll of identify
 j - 3 scrolls of brand weapon
 k - a scroll of fog
 q - a scroll of silence
Potions
 p - a potion of lignification
 A - a potion of brilliance
 B - a potion of cancellation


   Skills:
 + Level 7.6(12.6) Fighting
 + Level 5.7(10.7) Axes
 + Level 1.0(6.0) Throwing
 + Level 4.3(9.3) Armour
 + Level 5.4(10.4) Dodging
 * Level 6.0(11.0) Shields
 + Level 6.5 Spellcasting
 + Level 5.6 Translocations
 - Level 2.4 Air Magic
 + Level 4.5 Invocations


You had 8 spell levels left.
You knew the following spells:

 Your Spells              Type           Power      Damage    Failure   Level
a - Teleport Other        Tloc           20%        N/A       8%          3
b - Blink                 Tloc           40%        N/A       4%          2
c - Vhi's Electric Charg  Tloc/Air       30%        N/A       16%         3
d - Manifold Assault      Tloc           20%        N/A       26%         4
t - Passwall              Tmut/Erth      3%         N/A       38%         2

Your spell library contained the following spells:

 Spells                   Type           Power      Damage    Failure   Level
 Gell's Gravitas          Tloc           20%        N/A       8%          3
 Lesser Beckoning         Tloc           40%        N/A       8%          3
 Momentum Strike          Conj/Tloc      24%        3d8       13%         2
 Sandblast                Erth           8%         2d5       26%         1
 Frozen Ramparts          Ice            8%         1d2       63%         3
 Stone Arrow              Conj/Erth      8%         3d7       63%         3
 Ice Form                 Ice/Tmut       4%         N/A       95%         4
 Dispersal                Tloc           10%        N/A       99%         6
 Orb of Destruction       Conj           2%         9d5       100%        7
 Summon Guardian Golem    Hex/Summ       Unusable   N/A       N/A         3
 Summon Ice Beast         Ice/Summ       Unusable   N/A       N/A         4
 Spellforged Servitor     Conj/Summ      Unusable   N/A       N/A         7

Dungeon Overview and Level Annotations

Branches:
Dungeon (9/15)             Temple (1/1) D:4            Lair (0/5) D:8
  Sewer (visited)
    Orc: D:9-12

Altars:
Ashenzari
Cheibriados
Dithmenos
Fedhas
Gozag
Hepliaklqana
Kikubaaqudgha
Makhleb
Nemelex Xobeh
Okawaru
Qazlal
Ru
Sif Muna
Trog
Uskayaw
Wu Jian
Xom
Yredelemnul
Zin
The Shining One

Shops:
D:2 [*?[   D:6 :*::(   D:7 *


Innate Abilities, Weirdness & Mutations

You are a tree.
Your roots penetrate the ground, keeping you stationary.
You cannot be teleported.
You are immune to unholy pain and torment.
Your maximum health is greatly increased.
Your equipment is partially melded.
You are too large for most types of armour.
((You have tough skin. (AC +1)))
You are somewhat resistant to further mutation.
You expend magic power (3 MP) to strengthen your wands.


Message History

You feel stable enough to blink again. You block the killer bee's attack.
The killer bee stings you but does no damage.
You block the killer bee's attack. The killer bee stings you.
* * * LOW HITPOINT WARNING * * *
The killer bee stings you but does no damage. x4
You block the killer bee's attack.
The killer bee stings you but does no damage. x2
Your base Shields skill increases to level 6!
You hit the killer bee.
The killer bee is poisoned.
The killer bee is lightly wounded.
You hit the killer bee. You hit the orc warrior.
The orc warrior looks even sicker.
You miss the killer bee. You hit the killer bee.
You block the killer bee's attack.
The killer bee stings you but does no damage. x3
The orc warrior hits you with a +0 short sword!
* * * LOW HITPOINT WARNING * * *
The killer bee stings you.
* * * LOW HITPOINT WARNING * * *
The killer bee stings you but does no damage.
You block the killer bee's attack.
The killer bee stings you but does no damage. x2
The orc priest casts a cantrip, but nothing happens.
You closely miss the killer bee. x2
The orc priest shouts!
You hit the killer bee.
The killer bee is poisoned.
You closely miss the killer bee. You hit the orc warrior.
You hit the killer bee.
The killer bee is poisoned.
You hear a bellow!
The killer bee stings you but does no damage. x4
You block the killer bee's attack. You block the orc warrior's attack.
The orc priest looks encouraged for a moment.
You block the killer bee's attack.
The killer bee stings you but does no damage.
You block the killer bee's attack.
The killer bee stings you but does no damage. x2
The howler monkey hoots and howls with incredible vigour!
The orc priest mumbles some strange prayers to Beogh against you.
Beogh smites you!
You die...

..oy##...!Y.oo# ..
...........#....Y..c.
... ..............#..y.#
....#........##.....Yo~♣
....#.........##..~..o~.
.............###.~.oco..
.........o...#o..o~~Y~♣~
........yh...o...o..o.#.
......y♣ycho###..~~.~~≈~
.....ooyycY.....Y♣~≈~♣~.
.......oy........~.~~~♣~
#..#..#........!.≈....#~
..........).......(..~#~
...#...............§..#
..####..........#######
.. ##.......#.#
#.....#####


You could see a yak, 2 orc warriors, 2 centaurs, 2 howler monkeys, 6 killer
bees, 3 orc priests, an orc wizard (invisible) and an orc.

Vanquished Creatures
  2 two-headed ogres (D:8)
  A troll (D:7)
  Eustachio (D:6)
  A steam dragon (D:8)
  7 water moccasins (D:8)
  An ice beast (D:8)
  A sky beast (D:7)
  7 black bears
  An ogre (D:7)
  2 centaurs
  A kobold brigand (Sewer)
  2 necrophages (D:6)
  4 scorpions
  8 wights
  12 killer bees
  2 howler monkeys
  2 hounds
  An orc priest (D:4)
  3 jellies
  A gnoll bouda (D:7)
  3 iguanas
  9 adders
  12 gnolls
  4 river rats
  2 white imps
  2 ufetubi
  6 worms
  2 dart slugs
  24 orcs
  5 bats
  7 endoplasms
  6 giant cockroaches
  12 goblins
  10 hobgoblins
  5 jackals
  13 kobolds
  2 quokkas
  14 ball pythons
  3 frilled lizards
  12 rats
213 creatures vanquished.

Vanquished Creatures (others)
  A scorpion (D:3)
  An orc (D:3)
  59 fungi (D:8)
  57 plants
118 creatures vanquished.

Grand Total: 331 creatures vanquished

Notes
Turn   | Place    | Note
-------+----------+-------------------------------------------
     0 | D:1      | Ignak the Ogre Warper began the quest for the Orb.
     0 | D:1      | Reached XP level 1. HP: 22/22 MP: 3/3
   154 | D:1      | Reached XP level 2. HP: 24/29 MP: 5/5
   175 | D:1      | Learned a level 2 spell: Blink
   316 | D:1      | Reached skill level 3 in Fighting
   553 | D:1      | Reached XP level 3. HP: 25/37 MP: 7/7
  1165 | D:2      | Found Unudo's General Store.
  1181 | D:2      | Found Waqaibru's Magic Scroll Shop.
  1208 | D:2      | Learned a level 3 spell: Vhi's Electric Charge
  1216 | D:2      | Bought a scroll of identify for 26 gold pieces
  1251 | D:2      | Found Raugruly's Armour Emporium.
  1277 | D:2      | Found a faded altar of an unknown god.
  1300 | D:2      | Reached XP level 4. HP: 38/45 MP: 8/8
  1346 | D:2      | Found Taluf's Antique Armour Shop.
  1523 | D:2      | Reached skill level 1 in Armour
  2108 | D:3      | Reached XP level 5. HP: 36/53 MP: 9/9
  2143 | D:3      | HP: 4/81 [orc/+0 dagger (2)]
  2337 | D:3      | Found a glowing drain.
  2348 | Sewer    | Entered a sewer
  2813 | Sewer    | Noticed a kobold brigand
  2822 | Sewer    | Killed a kobold brigand
  2823 | Sewer    | Reached skill level 4 in Fighting
  2823 | Sewer    | Reached skill level 1 in Air Magic
  2823 | Sewer    | Reached XP level 6. HP: 35/62 MP: 4/11
  3265 | D:3      | Found a shimmering altar of Xom.
  3405 | D:3      | Identified the +2 whip of Nafirecw {drain, *Corrode rF+ rN+
                  | Dex+4}
  3956 | D:3      | Learned a level 3 spell: Teleport Other
  4001 | D:4      | Reached XP level 7. HP: 71/71 MP: 12/12
  4394 | D:4      | Learned a level 2 spell: Passwall
  4627 | D:4      | Found a staircase to the Ecumenical Temple.
  4632 | Temple   | Entered the Ecumenical Temple
  5045 | D:5      | Entered Level 5 of the Dungeon
  5170 | D:5      | Reached skill level 5 in Fighting
  5277 | D:5      | Reached XP level 8. HP: 80/80 MP: 10/14
  5376 | D:2      | Bought a scroll of identify for 26 gold pieces
  5376 | D:2      | Bought 2 scrolls of teleportation for 78 gold pieces
  5376 | D:2      | Bought a scroll of identify for 26 gold pieces
  5376 | D:2      | Bought a scroll of identify for 26 gold pieces
  5376 | D:2      | Bought a scroll of identify for 26 gold pieces
  5377 | D:2      | Identified a scroll of acquirement
  5417 | D:4      | Acquired the +0 kite shield "Tasiseumn" {rElec Str+6 Dex-4
                  | SInv}
  5437 | D:5      | Learned a level 4 spell: Manifold Assault
  5919 | D:6      | Reached skill level 1 in Shields
  6013 | D:6      | Acquired the +1 hat of Wonder {rElec rN+ Str+2 Slay+3}
  6157 | D:6      | Found Qixucoit's Antique Weapon Shop.
  6161 | D:6      | Found Emum Ippip's Book Boutique.
  6192 | D:6      | Found Votogute's Book Shop.
  6199 | D:6      | Reached skill level 1 in Invocations
  6264 | D:6      | Found Ypiamaak's Book Shop.
  6799 | D:6      | Found Zin's Purification Station.
  6802 | D:6      | Found a glowing silver altar of Zin.
  6814 | D:6      | Noticed Eustachio
  6820 | D:6      | Killed Eustachio
  7006 | D:6      | Reached skill level 5 in Spellcasting
  7297 | D:7      | Found an iron altar of Okawaru.
  7303 | D:7      | Became a worshipper of Warmaster Okawaru
  7326 | D:7      | Reached XP level 9. HP: 82/89 MP: 16/16
  7390 | D:7      | Reached skill level 6 in Fighting
  7406 | D:7      | HP: 4/89 [poisoned by a killer bee]
  7721 | D:7      | Found a glowing golden altar of the Shining One.
  7863 | D:7      | Found Vaisiras's Assorted Antiques.
  9140 | D:7      | Noticed a troll
  9355 | D:7      | Killed a troll
  9355 | D:7      | Reached * piety under Okawaru
  9624 | D:7      | Reached skill level 5 in Translocations
  9769 | D:8      | Reached skill level 5 in Axes
  9964 | D:8      | Reached ** piety under Okawaru
 10142 | D:8      | Found a sparkling altar of Nemelex Xobeh.
 10332 | D:8      | Noticed a two-headed ogre
 10339 | D:8      | Found a stormy altar of Qazlal.
 10343 | D:8      | Killed a two-headed ogre
 10344 | D:8      | Reached skill level 7 in Fighting
 10344 | D:8      | Reached skill level 5 in Dodging
 10344 | D:8      | Reached skill level 5 in Shields
 10344 | D:8      | Reached XP level 10. HP: 73/102 MP: 13/19
 10502 | D:8      | Reached *** piety under Okawaru
 10904 | D:8      | Noticed a two-headed ogre
 11623 | D:8      | Found a staircase to the Lair.
 11683 | D:8      | Killed a two-headed ogre
 11683 | D:8      | Received a gift from Okawaru
 12012 | D:9      | Acquired an amulet of the acrobat
 12035 | D:9      | Gained mutation: You are somewhat resistant to further
                  | mutation. [potion of mutation]
 12035 | D:9      | Gained mutation: You expend magic power (3 MP) to
                  | strengthen your wands. [potion of mutation]
 12039 | D:9      | HP: 7/156 [orc warrior/+0 short sword (8)]
 12040 | D:9      | Killed from afar by an orc priest

Illustrated notes

Levels and vault maps discovered:
D:1:      lightli_arrival_farm, layout_basic, minmay_worlds_worst_comb
D:2:      layout_rooms, serial_shops, shop, shop, nicolae_shop_stone,
          nicolae_shop_hallway_stairs, dreamdust_ecumenical_altar_statues
D:3:      layout_basic, xom_confusion_cloud, lightli_sewer_entry_pipes,
          grunt_ministairs_9
D:4:      layout_cave_pools, temple_doors_ab, minmay_misc_feat_chi
D:5:      layout_loops_cross
D:6:      layout_gridville, zin_purify, serial_shops,
          nicolae_shop_overgrown_old_shop, nicolae_diamond_shop,
          nicolae_shop_crystal, nicolae_shop_temple_entry_statues_fountains,
          uniq_eustachio
D:7:      layout_gridville, kennysheep_mini_moat, okawaru_gym_becter,
          serial_shops, shop
D:8:      layout_loops_ring, overflow_temple_1_default,
          overflow_temple_1_default, due_lair_maze_entry_diamond
D:9:      layout_cave_pools, serial_rivers, chequers_serial_rivers_small_b,
          chequers_serial_rivers_micro_a, chequers_serial_rivers_micro_c,
          chequers_serial_rivers_marsh, ebering_ghost_disaster_area
Temple:   eino_temple_water

Skill      XL: |  1  2  3  4  5  6  7  8  9 10 |
---------------+-------------------------------+-----
Fighting       | 3 4 5 7 |  7.6
Translocations | 3 4 5 |  5.6
Armour         | 1 2 3 4 |  4.3
Spellcasting   | 3 4 5 6 |  6.5
Axes           | 3 4 5 |  5.7
Dodging        | 3 4 5 |  5.4
Air Magic      | 1 2 |  2.4
Shields        | 3 5 6 |  6.0
Invocations    | 2 3 4 |  4.5
Throwing       | |  1.0

Action                   |  1- 3 |  4- 6 |  7- 9 | 10-12 || total
-------------------------+-------+-------+-------+-------++-------
Melee: Hand axe          |    72 |       |     3 |    30 ||   105
       Punch             |     1 |     4 |     2 |       ||     7
       Short sword       |    64 |       |       |       ||    64
       War axe           |     6 |   227 |   223 |    49 ||   505
Throw: Dart              |       |     5 |     9 |     1 ||    15
       Large rock        |       |       |       |     1 ||     1
 Cast: Vhi's Electric Ch |       |     3 |    24 |    12 ||    39
       Blink             |       |     3 |    17 |    11 ||    31
       Teleport Other    |       |       |     2 |     1 ||     3
       Passwall          |       |       |     1 |       ||     1
       Manifold Assault  |       |       |       |     4 ||     4
Invok: Heroism           |       |       |       |     2 ||     2
Evoke: Wand              |       |       |    19 |       ||    19
  Use: Scroll            |     3 |     7 |    13 |     6 ||    29
       Potion            |       |     4 |     9 |     7 ||    20
 Stab: Paralysed         |       |       |    12 |       ||    12
       Invisible         |       |       |     2 |       ||     2
Armor: Robe              |    77 |    74 |    82 |    38 ||   271
       Skin              |       |       |     3 |    29 ||    32
Dodge: Dodged            |   121 |   150 |   159 |    55 ||   485
Block: Kite shield       |       |       |    64 |    75 ||   139

Table legend: (Time is in decaauts)
 A = Elapsed time spent in this place.
 B = Non-inter-level travel time spent in this place.
 C = Inter-level travel time spent in this place.
 D = Time resting spent in this place.
 E = Time spent auto-exploring this place.
 F = Levels seen in this place.
 G = Mean time per level.
                   A        B        C        D        E       F      G
               +--------+--------+--------+--------+--------+-----+--------+
         Total |  12236 |  11948 |    288 |   3997 |   4832 |  11 | 1112.4 |
       Dungeon |  11204 |  10932 |    272 |   3513 |   4589 |   9 | 1244.9 |
        Temple |    231 |    215 |     16 |      0 |    199 |   1 |  231.0 |
         Sewer |    800 |    800 |      0 |    484 |     44 |   1 |  800.0 |
               +--------+--------+--------+--------+--------+-----+--------+

Top non-repeatable levels by time:
     D:7: 2242 daAuts
     D:8: 2171 daAuts
     D:6: 1742 daAuts
     D:3: 1232 daAuts
     D:2: 1096 daAuts
     D:1: 984 daAuts
     D:4: 911 daAuts
   Sewer: 800 daAuts
     D:5: 785 daAuts
  Temple: 231 daAuts
     D:9: 37 daAuts
